Map: Ice and Chrome LE

Players

黑羽快斗 (ButAlways)

  • Race: Protoss Protoss
  • League: Master
  • Spawn Location: 7:00

Has - Winner!

  • Race: Protoss Protoss
  • Spawn Location: 1:00

Event: DreamHack SC2 Masters 2020 Fall

VOD

Have the link to the VOD?

Description

Time

  • Played on: Aug. 29, 2020, 9:06 a.m.
  • Length: 11:43

All games in this series

Show
View Real Time Build Order
Export as new Build Order

黑羽快斗 Protoss 

Build Orders: Blink Stalkers 

Get SALT Encoding   

  12  0:00  Probe  
  13  0:12  Probe  
  14  0:17  Pylon  
  14  0:24  Probe (Chrono Boost)  
  15  0:36  Probe (Chrono Boost)  
  15  0:37  Gateway  
  16  0:45  Probe (Chrono Boost)  
  16  0:46  Assimilator  
  17  0:51  Probe  
  17  0:54  Assimilator  
  18  1:03  Probe (Chrono Boost)  
  19  1:09  Gateway  
  19  1:12  Probe (Chrono Boost)  
  19  1:17  Probe (Chrono Boost)  
  20  1:25  Cybernetics Core  
  21  1:29  Probe  
  22  1:38  Pylon  
  22  1:41  Probe  
  23  2:01  Robotics Facility  
  23  2:02  Stalker  
  23  2:04  Stalker  
  27  2:09  Warp Gate  
  27  2:15  Pylon  
  27  2:34  Stalker  
  27  2:36  Twilight Council  
  28  2:39  Probe  
  29  2:50  Stalker  
  31  3:02  Nexus  
  31  3:09  Probe (Chrono Boost)  
  32  3:13  Blink (Chrono Boost)  
  32  3:21  Probe (Chrono Boost)  
  33  3:27  Pylon  
  33  3:30  Probe (Chrono Boost)  
  36  3:35  Probe  
  37  3:47  Probe  
  36  3:58  Sentry  
  36  3:59  Stalker  
  36  4:00  Probe  
  41  4:05  Pylon  
  41  4:13  Probe (Chrono Boost)  
  41  4:15  Probe (Chrono Boost)  
  44  4:24  Probe (Chrono Boost)  
  44  4:25  Stalker  
  44  4:26  Shield Battery, Probe (Chrono Boost), Stalker  
  49  4:36  Shield Battery  
  48  4:47  Gateway  
  48  4:51  Gateway  
  48  4:52  Sentry, Stalker  
  50  4:55  Probe  
  53  5:01  Pylon  
  53  5:02  Probe  
  54  5:18  Resonating Glaives (Chrono Boost)  
  54  5:19  Probe, Pylon  
  55  5:24  Pylon  
  55  5:25  Adept  
  55  5:26  Adept  
  58  5:29  Probe  
  58  5:33  Probe  
  59  5:50  Stalker x2, Probe  
  59  5:51  Stalker  
  65  6:00  Probe, Pylon  
  64  6:09  Pylon  
  64  6:18  Gateway  
  64  6:24  Adept  
  64  6:25  Adept x2  
  70  6:34  Adept  
  72  6:45  Gateway  
  71  6:50  Adept x2  
  71  6:51  Pylon  
  73  7:00  Adept x2  
  76  7:09  Adept x2  
  78  7:20  Stalker  
  78  7:21  Stalker  
  72  7:32  Adept x3  
  77  7:40  Stalker  
  78  7:44  Adept  
  78  7:47  Probe  
  79  7:57  Adept x3  
  55  8:09  Stalker x2  
  59  8:13  Stalker  
  61  8:30  Adept x3  
  67  8:40  Adept  
  45  8:56  Adept x3  
  51  9:07  Stalker  
  51  9:14  Assimilator  
  51  9:20  Probe (Chrono Boost)  
  51  9:21  Probe (Chrono Boost)  
  53  9:26  Stalker x2  
  58  9:32  Probe (Chrono Boost)  
  58  9:37  Probe (Chrono Boost)  
  59  9:39  Probe (Chrono Boost)  
  59  9:40  Stalker  
  59  9:44  Probe  
  63  9:49  Assimilator  
  63  9:52  Stalker  
  56  10:16  Stalker x4  
  58  10:38  Probe  
  59  10:44  Probe  
  60  10:56  Templar Archives  
  61  11:03  Nexus, Stalker x2  
  58  11:11  Sentry x2  
  58  11:14  Adept x2  
  59  11:27  Adept x2  
Show
View Real Time Build Order
Export as new Build Order

Has Protoss - Winner!

Build Orders: Phoenix Opening 

Get SALT Encoding   

  12  0:00  Probe  
  13  0:12  Probe  
  14  0:17  Pylon  
  14  0:24  Probe (Chrono Boost)  
  16  0:36  Probe (Chrono Boost)  
  16  0:37  Gateway  
  16  0:41  Probe (Chrono Boost)  
  16  0:46  Assimilator  
  17  0:52  Probe (Chrono Boost)  
  17  0:55  Assimilator  
  18  1:04  Probe (Chrono Boost)  
  18  1:09  Gateway  
  19  1:13  Probe (Chrono Boost)  
  20  1:19  Probe  
  20  1:24  Cybernetics Core  
  21  1:31  Probe  
  22  1:33  Pylon  
  22  1:43  Probe  
  23  1:55  Probe  
  23  2:00  Warp Gate, Stalker  
  28  2:04  Pylon  
  26  2:18  Stargate  
  26  2:20  Probe  
  27  2:24  Zealot  
  29  2:38  Robotics Facility  
  29  2:41  Probe  
  30  2:46  Shield Battery  
  30  2:51  Pylon  
  32  3:00  Probe  
  32  3:03  Phoenix (Chrono Boost)  
  35  3:18  Gateway  
  36  3:22  Immortal (Chrono Boost)  
  37  3:28  Shield Battery  
  38  3:46  Nexus  
  38  3:59  Immortal (Chrono Boost)  
  41  4:03  Pylon  
  41  4:05  Probe  
  42  4:17  Pylon  
  42  4:21  Oracle  
  45  4:27  Adept  
  45  4:29  Adept  
  49  4:34  Probe  
  50  4:46  Probe  
  50  4:51  Warp Prism  
  53  4:59  Shield Battery  
  53  5:01  Probe  
  53  5:03  Probe  
  55  5:16  Shield Battery  
  55  5:17  Pylon  
  55  5:20  Sentry  
  55  5:21  Sentry  
  58  5:25  Probe  
  58  5:26  Probe  
  60  5:38  Probe x2  
  60  5:43  Warp Prism (Chrono Boost)  
  60  5:52  Stalker  
  60  5:53  Stalker  
  60  5:55  Robotics Bay  
  60  5:56  Probe  
  63  5:59  Probe  
  64  6:07  Pylon  
  64  6:08  Probe  
  65  6:11  Probe  
  65  6:12  Shield Battery  
  66  6:20  Immortal (Chrono Boost)  
  70  6:25  Adept x2  
  74  6:34  Gateway  
  74  6:36  Gateway  
  74  6:39  Probe  
  75  6:40  Probe  
  76  6:49  Disruptor (Chrono Boost)  
  79  6:56  Probe x2  
  79  7:03  Stalker x2  
  79  7:05  Shield Battery  
  80  7:16  Probe x2  
  77  7:28  Probe x2  
  79  7:35  Adept x2  
  83  7:40  Probe  
  83  7:41  Probe  
  85  7:58  Probe x2  
  78  7:59  Adept x2  
  78  8:02  Immortal (Chrono Boost)  
  74  8:09  Void Ray (Chrono Boost)  
  74  8:10  Probe  
  74  8:11  Assimilator  
  75  8:13  Assimilator  
  75  8:16  Gateway  
  75  8:17  Gateway  
  79  8:21  Adept  
  79  8:22  Adept  
  83  8:29  Shield Battery  
  83  8:31  Shield Battery  
  83  8:46  Adept x2  
  79  8:58  Immortal (Chrono Boost)  
  83  9:07  Shield Battery  
  83  9:08  Adept x2  
  83  9:09  Shield Battery  
  85  9:11  Probe  
  85  9:15  Pylon  
  85  9:16  Pylon  
  86  9:18  Pylon  
  86  9:31  Disruptor (Chrono Boost)  
  86  9:34  Adept x4, Pylon  
  97  9:51  Probe  
  97  9:52  Pylon  
  98  9:59  Observer (Chrono Boost)  
  99  10:00  Probe  
  99  10:03  Probe  
  87  10:16  Stalker x4  
  97  10:26  Warp Prism (Chrono Boost)  
  95  10:38  Gateway  
  95  10:40  Stalker x4  
  103  10:53  Observer (Chrono Boost)  
  104  11:03  Stalker x4  

Tags
 
Add a new tag
Caveats
  • Supply blocks, unpowered buildings, or Contaminate may cause inaccurate times.
  • Supply counts are checked every 10 seconds.